| TOP OF THE 1ST |
|
Oregon State University Beavers batting - Pitching for California State University at Fullerton Titans : LHP David Salas
|
|
Pitching: LHP David Salas
|
|
|
Batting: RHB Vicente Guillen
|
0-0: Ball 1-0: Foul Ball, location: 2F 1-1: Ground out 1-3 (Groundball, 15S, EV 62.5 MPH)
|
|
Batting: RHB Mario Avila
|
0-0: Called Strike 0-1: Foul Ball, location: 2F 0-2: Ball 1-2: Strikes out looking
|
|
Batting: RHB Xavier Williams
|
0-0: Ball 1-0: Called Strike 1-1: Ball 2-1: SINGLE (Groundball, 4S, EV 68.8 MPH) (infield hit)
|
|
Batting: RHB Reomel Somera
|
0-0: Foul Ball, location: 2F 0-1: Ball 1-1: Ball 2-1: Fly out, F7 (Flyball, 7D, EV 95.0 MPH)
|
| Top of the 1st over - 0 runs, 1 hit, 0 errors, 1 left on base; Oregon State University 0 - California State University at Fullerton 0 |
| BOTTOM OF THE 1ST |
|
California State University at Fullerton Titans batting - Pitching for Oregon State University Beavers : RHP Mike Randell
|
|
Pitching: RHP Mike Randell
|
|
|
Batting: LHB Newt Peper
|
0-0: Ground out U3 (Groundball, 3, EV 91.3 MPH)
|
|
Batting: LHB Wing-tat Tai
|
0-0: Fly out, F3 (Popup, 3F, EV 67.5 MPH)
|
|
Batting: RHB Wan-ling Zhu
|
0-0: Ball 1-0: SINGLE (Groundball, 34D, EV 113.1 MPH)
|
|
Batting: LHB Zachery Ballard
|
0-0: Called Strike 0-1: Ball 1-1: Swinging Strike 1-2: DOUBLE (Line Drive, 7LM, EV 107.5 MPH) Wan-ling Zhu to third Runner from 3rd tries for Home, SAFE, throw by LF to home
|
|
Batting: LHB George Last
|
0-0: Called Strike 0-1: Swinging Strike 0-2: Foul Ball, location: 2F 0-2: Ground out 6-3 (Groundball, 6, EV 86.9 MPH)
|
| Bottom of the 1st over - 1 run, 2 hits, 0 errors, 1 left on base; Oregon State University 0 - California State University at Fullerton 1 |
| TOP OF THE 2ND |
|
Oregon State University Beavers batting - Pitching for California State University at Fullerton Titans : LHP David Salas
|
|
Batting: RHB Hisao Takei
|
0-0: Fly out, F5 (Line Drive, 5, EV 66.9 MPH)
|
|
Batting: LHB Mike Becerra
|
0-0: Ball 1-0: Ball 2-0: Ball 3-0: Called Strike 3-1: Base on Balls
|
|
Batting: RHB Tony Gallegos
|
0-0: Grounds into double play, 1-4-3 (Groundball, 15S, EV 65.0 MPH)
|
| Top of the 2nd over - 0 runs, 0 hits, 0 errors, 0 left on base; Oregon State University 0 - California State University at Fullerton 1 |
| BOTTOM OF THE 2ND |
|
California State University at Fullerton Titans batting - Pitching for Oregon State University Beavers : RHP Mike Randell
|
|
Batting: LHB Xue-liang Zhou
|
0-0: Ball 1-0: Called Strike 1-1: Ball 2-1: Ball 3-1: Base on Balls
|
|
Batting: LHB Mike Fielden
|
0-0: Ground out 6-3 (Groundball, 6M, EV 85.0 MPH) Xue-liang Zhou to second
|
|
Batting: RHB Manny Olave
|
0-0: Ground out 6-3 (Groundball, 6S, EV 65.0 MPH) Xue-liang Zhou to third
|
|
Batting: RHB Chase Reiner
|
0-0: Ball 1-0: Ball 2-0: Called Strike 2-1: Called Strike 2-2: Ball 3-2: Strikes out swinging
|
| Bottom of the 2nd over - 0 runs, 0 hits, 0 errors, 1 left on base; Oregon State University 0 - California State University at Fullerton 1 |
| TOP OF THE 3RD |
|
Oregon State University Beavers batting - Pitching for California State University at Fullerton Titans : LHP David Salas
|
|
Batting: LHB Borislav Draganov
|
0-0: Ball 1-0: Ground out 6-3 (Groundball, 6, EV 84.4 MPH)
|
|
Batting: LHB Carlos Magana
|
0-0: Ball 1-0: Ball 2-0: Called Strike 2-1: Swinging Strike 2-2: Strikes out looking
|
|
Batting: RHB Vicente Guillen
|
0-0: Fly out, F9 (Flyball, 9, EV 95.6 MPH)
|
| Top of the 3rd over - 0 runs, 0 hits, 0 errors, 0 left on base; Oregon State University 0 - California State University at Fullerton 1 |
| BOTTOM OF THE 3RD |
|
California State University at Fullerton Titans batting - Pitching for Oregon State University Beavers : RHP Mike Randell
|
|
Batting: LHB Newt Peper
|
0-0: Ball 1-0: Ball 2-0: Ground out 5-3 (Groundball, 56S, EV 68.1 MPH)
|
|
Batting: LHB Wing-tat Tai
|
0-0: Ball 1-0: Ball 2-0: Ground out 4-3 (Groundball, 34, EV 85.6 MPH)
|
|
Batting: RHB Wan-ling Zhu
|
0-0: Called Strike 0-1: Ball 1-1: Swinging Strike 1-2: Ball 2-2: Fly out, F8 (Line Drive, 8LD, EV 104.4 MPH)
|
| Bottom of the 3rd over - 0 runs, 0 hits, 0 errors, 0 left on base; Oregon State University 0 - California State University at Fullerton 1 |
| TOP OF THE 4TH |
|
Oregon State University Beavers batting - Pitching for California State University at Fullerton Titans : LHP David Salas
|
|
Batting: RHB Mario Avila
|
0-0: Ground out 6-3 (Groundball, 6, EV 78.1 MPH)
|
|
Batting: RHB Xavier Williams
|
0-0: Called Strike 0-1: DOUBLE (Line Drive, 8RXD, EV 107.5 MPH)
|
|
Batting: RHB Reomel Somera
|
0-0: Ground out 2-3 (Groundball, 2L, EV 69.4 MPH) Xavier Williams to third
|
|
Batting: RHB Hisao Takei
|
0-0: Fly out, F4 (Popup, 4, EV 63.8 MPH)
|
| Top of the 4th over - 0 runs, 1 hit, 0 errors, 1 left on base; Oregon State University 0 - California State University at Fullerton 1 |
| BOTTOM OF THE 4TH |
|
California State University at Fullerton Titans batting - Pitching for Oregon State University Beavers : RHP Mike Randell
|
|
Batting: LHB Zachery Ballard
|
0-0: Foul Ball, location: 2F 0-1: Called Strike 0-2: Strikes out swinging
|
|
Batting: LHB George Last
|
0-0: Ball 1-0: Ball 2-0: Foul Ball, location: 2F 2-1: Foul Ball, location: 2F 2-2: DOUBLE (Line Drive, 78M, EV 98.8 MPH)
|
|
Batting: LHB Xue-liang Zhou
|
0-0: Ball Wild Pitch! George Last to third 1-0: Ground out U3 (Groundball, 3, EV 86.9 MPH)
|
|
Batting: LHB Mike Fielden
|
0-0: Ball 1-0: Called Strike 1-1: Ground out 1-3 (Groundball, 15S, EV 75.6 MPH)
|
| Bottom of the 4th over - 0 runs, 1 hit, 0 errors, 1 left on base; Oregon State University 0 - California State University at Fullerton 1 |
| TOP OF THE 5TH |
|
Oregon State University Beavers batting - Pitching for California State University at Fullerton Titans : LHP David Salas
|
|
Pitching: RHP Josh Pahl
|
|
|
Batting: LHB Mike Becerra
|
0-0: Ball 1-0: Ball 2-0: Foul Ball, location: 2F 2-1: SINGLE (Flyball, 78S, EV 95.6 MPH)
|
|
Batting: RHB Tony Gallegos
|
0-0: Called Strike 0-1: Called Strike 0-2: Strikes out swinging
|
|
Pinch Hitting: RHB Angel Alvarado
|
0-0: Hit by Pitch Mike Becerra to second
|
|
Batting: LHB Carlos Magana
|
0-0: Ball 1-0: Ball 2-0: Called Strike 2-1: Ball 3-1: Base on Balls Mike Becerra to third Angel Alvarado to second
|
|
Pinch Hitting: RHB Bob Goodman
|
0-0: Ball 1-0: Called Strike 1-1: Ball 2-1: Foul Ball, location: 2F 2-2: Grounds into fielders choice 4-2 (Groundball, 4, EV 105.0 MPH) Angel Alvarado to third Carlos Magana to second
|
|
Batting: LHB Edwin Bautista
|
0-0: Ball 1-0: Ground out 4-3 (Groundball, 4, EV 105.0 MPH)
|
| Top of the 5th over - 0 runs, 1 hit, 0 errors, 3 left on base; Oregon State University 0 - California State University at Fullerton 1 |
| BOTTOM OF THE 5TH |
|
California State University at Fullerton Titans batting - Pitching for Oregon State University Beavers : RHP Mike Randell
|
|
Pitching: RHP Jordan Lopez
|
|
|
Now at SS: Tommy Lamb
|
|
|
Now in CF: Ben Howard
|
|
|
Batting: RHB Manny Olave
|
0-0: Ball 1-0: SINGLE (Groundball, 5L, EV 91.3 MPH) (infield hit)
|
|
Batting: RHB Chase Reiner
|
0-0: Grounds into double play, 6-4-3 (Groundball, 6, EV 106.9 MPH)
|
|
Batting: LHB Newt Peper
|
0-0: Ball 1-0: Ground out 4-3 (Groundball, 4, EV 87.5 MPH)
|
| Bottom of the 5th over - 0 runs, 1 hit, 0 errors, 0 left on base; Oregon State University 0 - California State University at Fullerton 1 |
| TOP OF THE 6TH |
|
Oregon State University Beavers batting - Pitching for California State University at Fullerton Titans : RHP Josh Pahl
|
|
Pinch Hitting: RHB Ruben Climaco
|
0-0: Ball 1-0: Foul Ball, location: 2F 1-1: Ball 2-1: Foul Ball, location: 2F 2-2: Ball 3-2: Ground out 5-3 (Groundball, 5, EV 96.9 MPH)
|
|
Pinch Hitting: RHB Itocravo Arrochela
|
0-0: Called Strike 0-1: Ball 1-1: Called Strike 1-2: Ball 2-2: Foul Ball, location: 2F 2-2: Ground out 3-1 (Groundball, 34S, EV 87.5 MPH)
|
|
Batting: RHB Hisao Takei
|
0-0: Foul Ball, location: 2F 0-1: Called Strike 0-2: Ball 1-2: Foul Ball, location: 2F 1-2: Ball 2-2: Ball 3-2: Base on Balls
|
|
Batting: LHB Mike Becerra
|
0-0: Ball 1-0: Ball 2-0: Ball 3-0: Called Strike 3-1: Base on Balls Hisao Takei to second
|
|
Batting: RHB Tony Gallegos
|
0-0: Called Strike 0-1: Ball 1-1: Ground out 4-3 (Groundball, 4MS, EV 86.3 MPH)
|
| Top of the 6th over - 0 runs, 0 hits, 0 errors, 2 left on base; Oregon State University 0 - California State University at Fullerton 1 |
| BOTTOM OF THE 6TH |
|
California State University at Fullerton Titans batting - Pitching for Oregon State University Beavers : RHP Jordan Lopez
|
|
Now at 1B: Willem Urry
|
|
|
Now at 2B: Itocravo Arrochela
|
|
|
Batting: LHB Wing-tat Tai
|
0-0: Ball 1-0: Ball 2-0: Ball 3-0: Base on Balls
|
|
Batting: RHB Wan-ling Zhu
|
0-0: Ball 1-0: Fly out, F8 (Line Drive, 8RM, EV 90.0 MPH)
|
|
Batting: LHB Zachery Ballard
|
0-0: Ball 1-0: Ball 2-0: Called Strike 2-1: Ball 3-1: Base on Balls Wing-tat Tai to second
|
|
Batting: LHB George Last
|
0-0: Ball 1-0: Foul Ball, location: 2F 1-1: DOUBLE (Flyball, 8RXD, EV 88.8 MPH) Wing-tat Tai scores Zachery Ballard to third Runner from 3rd tries for Home, throw by CF and OUT! 8-4-2 George Last to third
|
|
Batting: LHB Xue-liang Zhou
|
0-0: Fly out, F8 (Flyball, 8LD, EV 110.0 MPH)
|
| Bottom of the 6th over - 1 run, 1 hit, 0 errors, 1 left on base; Oregon State University 0 - California State University at Fullerton 2 |
| TOP OF THE 7TH |
|
Oregon State University Beavers batting - Pitching for California State University at Fullerton Titans : RHP Josh Pahl
|
|
Pitching: LHP Jose Arevalo
|
|
|
Batting: SHB Tommy Lamb
|
0-0: Ball 1-0: Called Strike 1-1: Foul Ball, location: 2F 1-2: Hit by Pitch
|
|
Pinch Hitting: RHB Tatsuya Watanabe
|
0-0: Bunt missed! 0-1: Bunted foul 0-2: Ball 1-2: Strikes out swinging
|
|
Pinch Hitting: RHB Bobby Valenzuela
|
0-0: Fly out, F5 (Popup, 56, EV 68.8 MPH)
|
|
Batting: RHB Justin Chapin
|
0-0: Ball 1-0: Called Strike 1-1: Swinging Strike 1-2: Ball 2-2: Foul Ball, location: 2F 2-2: Ball 3-2: Base on Balls Tommy Lamb to second
|
|
Batting: RHB Willem Urry
|
0-0: Fly out, F5 (Popup, 5F, EV 49.4 MPH)
|
| Top of the 7th over - 0 runs, 0 hits, 0 errors, 2 left on base; Oregon State University 0 - California State University at Fullerton 2 |
| BOTTOM OF THE 7TH |
|
California State University at Fullerton Titans batting - Pitching for Oregon State University Beavers : RHP Jordan Lopez
|
|
Now in CF: Tatsuya Watanabe
|
|
|
Now in RF: Seth Fox
|
|
|
Batting: LHB Mike Fielden
|
0-0: Ball 1-0: Foul Ball, location: 2F 1-1: Ground out 4-3 (Groundball, 34D, EV 101.3 MPH)
|
|
Batting: RHB Manny Olave
|
0-0: Ball 1-0: Foul Ball, location: 2F 1-1: Foul Ball, location: 2F 1-2: Strikes out swinging
|
|
Batting: RHB Chase Reiner
|
0-0: Called Strike 0-1: Ball 1-1: Fly out, F3 (Popup, 23F, EV 88.1 MPH)
|
| Bottom of the 7th over - 0 runs, 0 hits, 0 errors, 0 left on base; Oregon State University 0 - California State University at Fullerton 2 |
| TOP OF THE 8TH |
|
Oregon State University Beavers batting - Pitching for California State University at Fullerton Titans : LHP Jose Arevalo
|
|
Batting: RHB Itocravo Arrochela
|
0-0: Called Strike 0-1: Ball 1-1: Fly out, F8 (Flyball, 89M, EV 90.0 MPH)
|
|
Batting: RHB Hisao Takei
|
0-0: SOLO HOME RUN (Flyball, 7D, EV 103.8 MPH), Distance : 405 ft
|
|
Pinch Hitting: RHB Branden Rodrigues
|
0-0: Called Strike 0-1: Ball 1-1: Ball 2-1: Foul Ball, location: 2F 2-2: Fly out, F8 (Line Drive, 8RD, EV 95.6 MPH)
|
|
Batting: RHB Tony Gallegos
|
0-0: Foul Ball, location: 2F 0-1: Ball 1-1: Foul Ball, location: 2F 1-2: Ball 2-2: Foul Ball, location: 2F 2-2: Foul Ball, location: 2F 2-2: Ground out 4-3 (Groundball, 4, EV 89.4 MPH)
|
| Top of the 8th over - 1 run, 1 hit, 0 errors, 0 left on base; Oregon State University 1 - California State University at Fullerton 2 |
| BOTTOM OF THE 8TH |
|
California State University at Fullerton Titans batting - Pitching for Oregon State University Beavers : RHP Jordan Lopez
|
|
Pitching: LHP Jose Ramos
|
|
|
Now in LF: Branden Rodrigues
|
|
|
Batting: LHB Newt Peper
|
0-0: Ball 1-0: Called Strike 1-1: Swinging Strike 1-2: Foul Ball, location: 2F 1-2: Ball 2-2: SOLO HOME RUN (Flyball, 9LD, EV 93.1 MPH), Distance : 349 ft
|
|
Batting: LHB Wing-tat Tai
|
0-0: Ball 1-0: Foul Ball, location: 2F 1-1: Foul Ball, location: 2F 1-2: Foul Ball, location: 2F 1-2: Ground out 4-3 (Groundball, 4, EV 83.8 MPH)
|
|
Batting: RHB Wan-ling Zhu
|
0-0: SOLO HOME RUN (Flyball, 78XD, EV 111.3 MPH), Distance : 438 ft
|
|
Batting: RHB Luke Peet
|
0-0: Ball 1-0: Ball 2-0: Called Strike 2-1: Ball 3-1: Foul Ball, location: 2F 3-2: Foul Ball, location: 2F 3-2: Base on Balls
|
|
Pinch Hitting: LHB Walt van der Rest
|
0-0: Called Strike 0-1: Foul Ball, location: 2F 0-2: Foul Ball, location: 2F 0-2: Ball 1-2: Strikes out swinging
|
|
Pinch Hitting: RHB Amir Christy
|
0-0: Ball 1-0: SINGLE (Groundball, 56D, EV 105.6 MPH) Luke Peet to second
|
|
Pinch Hitting: RHB Guillermo Arredondo
|
0-0: Ball 1-0: Swinging Strike 1-1: Ball 2-1: Ball 3-1: Foul Ball, location: 2F 3-2: Foul Ball, location: 2F 3-2: Ground out 5-3 (Groundball, 56S, EV 82.5 MPH)
|
| Bottom of the 8th over - 2 runs, 3 hits, 0 errors, 2 left on base; Oregon State University 1 - California State University at Fullerton 4 |
| TOP OF THE 9TH |
|
Oregon State University Beavers batting - Pitching for California State University at Fullerton Titans : LHP Jose Arevalo
|
|
Pitching: LHP Chris Luciw
|
|
|
Now at 1B: Joshua Dingle
|
|
|
Now at 2B: Vince Harris
|
|
|
Now in CF: Azeem bin Zuhair
|
|
|
Now in RF: Wing-tat Tai
|
|
|
Batting: SHB Tommy Lamb
|
0-0: Called Strike 0-1: Foul Ball, location: 2F 0-2: Ball 1-2: Ball 2-2: Foul Ball, location: 2F 2-2: Foul Ball, location: 2F 2-2: Foul Ball, location: 2F 2-2: SINGLE (Groundball, 6MD, EV 103.1 MPH)
|
|
Pinch Hitting: RHB Ward Armstrong
|
0-0: Ball 1-0: Fielders Choice at 2nd, 6-4 (Groundball, 6, EV 88.1 MPH)
|
|
Pinch Hitting: RHB Austin Sweetman
|
0-0: Ball 1-0: Fly out, F9 (Flyball, 9S, EV 96.3 MPH)
|
|
Pitching: RHP Dave Williams
|
|
|
Batting: RHB Jesus Ruiz
|
0-0: Ball 1-0: Ball 2-0: Ground out 1-3 (Groundball, 15S, EV 68.1 MPH)
|
| Top of the 9th over - 0 runs, 1 hit, 0 errors, 1 left on base; Oregon State University 1 - California State University at Fullerton 4 |
|